Los Angeles Kings vs Philadelphia Flyers
Created - Monday, May 19, 2025 at 09:41
Goals
|
| Los Angeles Kings |
1 |
0 |
1 |
2 |
| Philadelphia Flyers |
1 |
1 |
1 |
3 |
|
Shots
|
| Los Angeles Kings |
10 |
11 |
17 |
38 |
| Philadelphia Flyers |
19 |
14 |
8 |
41 |
|
1st period
1. Los Angeles Kings , Andrei Svechnikov 30 (Adam Fantilli 29) at 2:59
2. Philadelphia Flyers , Juuso Parssinen 16 (Joshua Brown 9, Zac Jones 12) at 19:00
Penalties :
Sampo Ranta (LAK) for Delaying the game (Minor) at 15:15, Owen Power (LAK) for High sticking (Minor) at 19:18
2nd period
3. Philadelphia Flyers , Cody Glass 24 (Jeff Skinner 35, Casey Cizikas 31) at 2:06
Penalties :
Sean Kuraly (PHI) for Slashing (Minor) at 4:43, William Borgen (PHI) for Hooking (Minor) at 5:10, Brandon Duhaime (PHI) for Fighting (Major) at 13:34, Michael Milne (LAK) for Fighting (Major) at 13:34, Michael Milne (LAK) for instigated a fight (Minor) at 13:34, Michael Milne (LAK) for instigated a fight (10 Minutes Misconduct) at 13:34
3rd period
4. Philadelphia Flyers , Brandon Duhaime 9 (Radek Faksa 21, Luke Glendening 11) at 6:45
5. Los Angeles Kings , Seth Jarvis 33 (Matthew Boldy 44, Logan Cooley 34) at 18:25
Penalties :
Cody Glass (PHI) for Cross-checking (Minor) at 3:45, Brett Murray (PHI) for Fighting (Major) at 16:53, Michael Eyssimont (LAK) for Fighting (Major) at 16:53, Vitali Kravtsov (LAK) for Holding (Minor) at 18:48
Goalie Stats
Andrei Vasilevskiy (LAK), 38 saves from 41 shots - (0.927), L, 16-25-9, 60:00 minutes
Connor Ingram (PHI), 36 saves from 38 shots - (0.947), W, 22-28-5, 60:00 minutes
Players Stats for Los Angeles Kings
Player Name G A P +/- PIM S H SB GA TA FO MP PP MP PK MP
------------------------------------------------------------------------------------
Adam Fantilli 0 1 1 0 0 4 0 0 0 2 11/28 15:08 2:06 0:00
Alexander Alexeyev 0 0 0 1 0 3 0 2 0 0 0/0 14:04 0:00 0:00
Alexander Romanov 0 0 0 1 0 1 1 1 1 0 0/0 14:27 0:00 0:06
Andrei Kuzmenko 0 0 0 -1 0 5 0 0 0 0 0/2 18:07 2:19 3:34
Andrei Svechnikov 1 0 1 0 0 5 1 0 0 1 1/1 19:09 2:06 3:34
Blake Wheeler 0 0 0 -1 0 3 1 2 0 0 4/7 13:24 0:00 3:24
K'Andre Miller 0 0 0 -1 0 0 1 1 0 0 0/0 22:41 2:15 3:29
Logan Cooley 0 1 1 1 0 0 2 0 0 0 8/18 15:20 2:19 0:07
MacKenzie Weegar 0 0 0 -1 0 1 1 0 0 0 0/0 23:43 2:10 4:07
Matthew Boldy 0 1 1 1 0 3 1 0 0 1 1/2 15:27 2:06 0:10
Michael Eyssimont 0 0 0 -1 5 0 0 0 1 0 5/12 10:58 0:00 0:00
Michael Milne 0 0 0 1 17 2 0 0 0 0 0/1 9:41 0:00 0:00
Noah Dobson 0 0 0 -1 0 3 0 2 0 3 0/0 23:15 2:10 3:39
Owen Power 0 0 0 -1 2 1 1 3 1 2 0/0 21:54 2:15 2:55
Sampo Ranta 0 0 0 -1 2 0 0 0 0 0 0/0 10:04 0:00 0:00
Seth Jarvis 1 0 1 1 0 5 2 0 0 0 4/7 19:31 2:19 3:27
Trent Frederic 0 0 0 -2 0 2 2 0 0 1 0/2 13:51 0:00 0:00
Vitali Kravtsov 0 0 0 -1 2 0 1 0 0 0 0/1 12:03 0:00 0:00
Players Stats for Philadelphia Flyers
Player Name G A P +/- PIM S H SB GA TA FO MP PP MP PK MP
------------------------------------------------------------------------------------
Brandon Duhaime 1 0 1 1 5 5 1 1 0 0 2/2 11:31 0:00 0:00
Brett Murray 0 0 0 0 5 1 1 0 1 0 1/1 11:47 0:00 0:00
Casey Cizikas 0 1 1 1 0 2 0 1 0 0 7/24 17:20 3:30 2:16
Cody Glass 1 0 1 1 2 5 1 0 2 0 0/1 15:00 3:30 0:00
Fredrik Olofsson 0 0 0 0 0 0 0 0 0 0 2/2 12:51 0:07 0:00
Jack McBain 0 0 0 0 0 2 2 0 0 0 12/21 16:29 3:31 0:03
Jeff Skinner 0 1 1 1 0 4 0 1 1 0 1/1 16:42 3:31 0:00
Joel Edmundson 0 0 0 0 0 1 0 3 0 1 0/0 19:13 0:00 2:07
Joshua Brown 0 1 1 0 0 1 3 0 0 0 0/0 14:11 0:00 0:00
Juuso Parssinen 1 0 1 -1 0 3 0 0 1 0 1/1 14:17 3:31 0:00
Luke Glendening 0 1 1 1 0 1 2 2 1 0 0/0 15:08 0:07 1:22
Marcus Johansson 0 0 0 -1 0 3 0 0 1 0 0/0 11:01 0:07 0:00
Radek Faksa 0 1 1 1 0 3 0 0 1 0 13/17 15:00 0:00 2:14
Sean Kuraly 0 0 0 -1 2 5 0 0 1 0 8/11 16:13 3:30 1:23
Trevor van Riemsdyk 0 0 0 1 0 2 0 2 1 0 0/0 22:36 3:42 2:18
Vladislav Gavrikov 0 0 0 1 0 1 1 0 0 0 0/0 22:36 3:42 2:18
William Borgen 0 0 0 0 2 1 0 1 0 0 0/0 22:16 3:26 1:10
Zac Jones 0 1 1 0 0 1 1 2 0 2 0/0 19:47 3:26 0:56
3 Stars
1 - Connor Ingram (PHI)
2 - Seth Jarvis (LAK)
3 - Luke Glendening (PHI)
Power Play
Los Angeles Kings - 0 on 3 Attempt(s) - 0.00%
Philadelphia Flyers - 0 on 4 Attempt(s) - 0.00%
Penalty Kill
Los Angeles Kings - 4 on 4 Attempt(s) - 100.00%
- Score 0 goal in Penalty Kill
Philadelphia Flyers - 3 on 3 Attempt(s) - 100.00%
- Score 0 goal in Penalty Kill
Team Stat
Los Angeles Kings - Hits : 14 - Faceoff Wins : 34 - Blocked Shots : 11 - Penalty Minutes : 28
Philadelphia Flyers - Hits : 12 - Faceoff Wins : 47 - Blocked Shots : 13 - Penalty Minutes : 16
Official
Referees : Jake Brenk and Pierre Lambert
Linesman : David Brisebois and Dan Kelly
Game Notes
Brandon Duhaime and Michael Milne fight to a draw at 13:34 of 2nd period
Brett Murray and Michael Eyssimont fight to a draw at 16:53 of 3rd period
Finance
Level 1 -- Attendance: 5929 (98.82%) -- Ticket Income $539,539
Level 2 -- Attendance: 4858 (97.16%) -- Ticket Income $252,616
Level 3 -- Attendance: 2640 (88.00%) -- Ticket Income $73,920
Level 4 -- Attendance: 4593 (91.86%) -- Ticket Income $82,674
Luxury Box -- Attendance: 952 (95.20%) -- Ticket Income $180,880
Game was played at the Wells Fargo Center.
Total Attendance: 18972 (94.86%)
Total Ticket Income: $1,129,629
Other Income: $395,370
Total Income: $1,524,999
Los Angeles Kings
5 vs 5 Forward
Center Left Wing Right Wing Time % Phy DF OF
1 Logan Cooley Matthew Boldy Seth Jarvis 30 1 2 2
2 Adam Fantilli Michael Milne Andrei Svechnikov 30 1 2 2
3 Michael Eyssimont Vitali Kravtsov Andrei Kuzmenko 25 1 2 2
4 Blake Wheeler Sampo Ranta Trent Frederic 15 1 2 2
5 vs 5 Defense
Defense Defense Time % Phy DF OF
1 MacKenzie Weegar Noah Dobson 35 1 2 2
2 K'Andre Miller Owen Power 35 1 2 2
3 Alexander Romanov Alexander Alexeyev 30 1 2 2
4 MacKenzie Weegar Noah Dobson 0 1 2 2
PowerPlay Forward
Center Left Wing Right Wing Time % Phy DF OF
1 Logan Cooley Andrei Kuzmenko Seth Jarvis 50 1 2 2
2 Adam Fantilli Matthew Boldy Andrei Svechnikov 50 1 2 2
PowerPlay Defense
Defense Defense Time % Phy DF OF
1 MacKenzie Weegar Noah Dobson 50 1 2 2
2 K'Andre Miller Owen Power 50 1 2 2
Penalty Kill 4 Players Forward
Center Wing Time % Phy DF OF
1 Seth Jarvis Blake Wheeler 50 1 2 2
2 Andrei Svechnikov Andrei Kuzmenko 50 1 2 2
Penalty Kill 4 Players Defense
Defense Defense Time % Phy DF OF
1 MacKenzie Weegar Noah Dobson 50 1 2 2
2 K'Andre Miller Owen Power 50 1 2 2
Penalty Kill - 3 Players Forward
Forward Time % Phy DF OF
1 Seth Jarvis 50 1 2 2
2 Andrei Svechnikov 50 1 2 2
Penalty Kill - 3 Players Defense
Defense Defense Time % Phy DF OF
1 MacKenzie Weegar Noah Dobson 50 1 2 2
2 K'Andre Miller Owen Power 50 1 2 2
4 vs 4 Forward
Center Wing Time % Phy DF OF
1 Seth Jarvis Logan Cooley 50 1 2 2
2 Andrei Svechnikov Andrei Kuzmenko 50 1 2 2
4 vs 4 Defense
Defense Defense Time % Phy DF OF
1 MacKenzie Weegar Noah Dobson 50 1 2 2
2 K'Andre Miller Owen Power 50 1 2 2
Last Minutes Offensive
Center Left Wing Right Wing Defense Defense
Logan Cooley Matthew Boldy Seth Jarvis MacKenzie Weegar Noah Dobson
Last Minutes Defensive
Center Left Wing Right Wing Defense Defense
Logan Cooley Matthew Boldy Seth Jarvis MacKenzie Weegar Noah Dobson
Goaltenders
Starting : Andrei Vasilevskiy
Backup : Jonas Johansson
Extra Forwards
Normal : Trent Frederic, Seth Jarvis, Blake Wheeler - PP : Trent Frederic, Seth Jarvis - PK : Blake Wheeler
Extra Defensemen
Normal : MacKenzie Weegar, Noah Dobson, K'Andre Miller - PP : Noah Dobson - PK : MacKenzie Weegar, K'Andre Miller
Penalty Shots
Seth Jarvis, Trent Frederic, Andrei Svechnikov, Andrei Kuzmenko, Blake Wheeler
Scratches
Ryan Reaves (Healthy), Cooper Marody (Healthy), Jakub Zboril (Healthy), Alex Gallant (Healthy)
Philadelphia Flyers
5 vs 5 Forward
Center Left Wing Right Wing Time % Phy DF OF
1 Casey Cizikas Jeff Skinner Cody Glass 25 0 1 4
2 Sean Kuraly Juuso Parssinen Marcus Johansson 25 0 2 3
3 Radek Faksa Luke Glendening Brandon Duhaime 25 0 1 4
4 Jack McBain Brett Murray Fredrik Olofsson 25 0 2 3
5 vs 5 Defense
Defense Defense Time % Phy DF OF
1 Vladislav Gavrikov Trevor van Riemsdyk 35 0 2 3
2 William Borgen Joel Edmundson 35 0 2 3
3 Zac Jones Joshua Brown 30 0 2 3
4 Vladislav Gavrikov Trevor van Riemsdyk 0 1 2 2
PowerPlay Forward
Center Left Wing Right Wing Time % Phy DF OF
1 Jack McBain Jeff Skinner Juuso Parssinen 50 0 0 5
2 Casey Cizikas Cody Glass Sean Kuraly 50 0 0 5
PowerPlay Defense
Defense Defense Time % Phy DF OF
1 William Borgen Zac Jones 50 0 1 4
2 Vladislav Gavrikov Trevor van Riemsdyk 50 0 1 4
Penalty Kill 4 Players Forward
Center Wing Time % Phy DF OF
1 Casey Cizikas Radek Faksa 50 0 5 0
2 Sean Kuraly Luke Glendening 50 0 5 0
Penalty Kill 4 Players Defense
Defense Defense Time % Phy DF OF
1 Vladislav Gavrikov Trevor van Riemsdyk 50 0 5 0
2 William Borgen Joel Edmundson 50 0 5 0
Penalty Kill - 3 Players Forward
Forward Time % Phy DF OF
1 Casey Cizikas 50 0 5 0
2 Radek Faksa 50 0 5 0
Penalty Kill - 3 Players Defense
Defense Defense Time % Phy DF OF
1 Vladislav Gavrikov Trevor van Riemsdyk 50 0 5 0
2 William Borgen Joel Edmundson 50 0 5 0
4 vs 4 Forward
Center Wing Time % Phy DF OF
1 Jeff Skinner Casey Cizikas 50 0 1 4
2 Jack McBain Juuso Parssinen 50 0 1 4
4 vs 4 Defense
Defense Defense Time % Phy DF OF
1 Vladislav Gavrikov Trevor van Riemsdyk 50 0 2 3
2 William Borgen Joel Edmundson 50 0 2 3
Last Minutes Offensive
Center Left Wing Right Wing Defense Defense
Casey Cizikas Jeff Skinner Jack McBain William Borgen Zac Jones
Last Minutes Defensive
Center Left Wing Right Wing Defense Defense
Casey Cizikas Radek Faksa Sean Kuraly Vladislav Gavrikov Trevor van Riemsdyk
Goaltenders
Starting : Connor Ingram
Backup : Jake Allen
Extra Forwards
Normal : Jack McBain, Jeff Skinner, Cody Glass - PP : Jack McBain, Jeff Skinner - PK : Jack McBain
Extra Defensemen
Normal : Vladislav Gavrikov, William Borgen, Trevor van Riemsdyk - PP : Vladislav Gavrikov - PK : Vladislav Gavrikov, William Borgen
Penalty Shots
Casey Cizikas, Cody Glass, Jeff Skinner, Juuso Parssinen, Sean Kuraly
Scratches
Chase De Leo (Healthy), Charles Hudon (Healthy), Jacob MacDonald (Healthy)
% Time on Ice - Los Angeles Kings
Lines # - Real PCT - Wanted PCT - Time Play
Normal Forward
1 - 27% - 30% - 13:11
2 - 27% - 30% - 13:12
3 - 25% - 25% - 12:04
4 - 21% - 15% - 10:00
Normal Defense
1 - 35% - 35% - 17:04
2 - 35% - 35% - 16:57
3 - 29% - 30% - 14:04
4 - 1% - 0% - 0:22
PP Forward
1 - 52% - 50% - 2:19
2 - 48% - 50% - 2:06
PP Defense
1 - 49% - 50% - 2:10
2 - 51% - 50% - 2:15
PK Forward
1 - 48% - 50% - 3:27
2 - 52% - 50% - 3:41
PK Defense
1 - 51% - 50% - 3:39
2 - 49% - 50% - 3:29
PK3 Forward
1 - 0% - 50%
2 - 0% - 50%
PK3 Defense
1 - 0% - 50%
2 - 0% - 50%
44 Forward
1 - 0% - 50%
2 - 0% - 50%
44 Defense
1 - 0% - 50%
2 - 0% - 50%
Last Minute Offensive - 0:00
Last Minute Defensive - 0:00
Total
Forward - 60:00
Defense - 60:00
|
% Time on Ice - Philadelphia Flyers
Lines # - Real PCT - Wanted PCT - Time Play
Normal Forward
1 - 24% - 25% - 11:39
2 - 24% - 25% - 11:34
3 - 26% - 25% - 12:43
4 - 26% - 25% - 12:28
Normal Defense
1 - 35% - 35% - 17:06
2 - 35% - 35% - 17:10
3 - 29% - 30% - 14:08
4 - 0% - 0% - 0:00
PP Forward
1 - 49% - 50% - 3:31
2 - 51% - 50% - 3:37
PP Defense
1 - 48% - 50% - 3:26
2 - 52% - 50% - 3:42
PK Forward
1 - 53% - 50% - 1:31
2 - 47% - 50% - 1:22
PK Defense
1 - 46% - 50% - 1:19
2 - 54% - 50% - 1:34
PK3 Forward
1 - 49% - 50% - 0:45
2 - 51% - 50% - 0:47
PK3 Defense
1 - 64% - 50% - 0:59
2 - 36% - 50% - 0:33
44 Forward
1 - 0% - 50%
2 - 0% - 50%
44 Defense
1 - 0% - 50%
2 - 0% - 50%
Last Minute Offensive - 0:00
Last Minute Defensive - 0:03
Total
Forward - 60:00
Defense - 60:00
|
Play-by-Play
1st period
0:01 of 1st period - Logan Cooley wins face-off versus Casey Cizikas in neutral zone.
0:10 of 1st period - Snap shot by Matthew Boldy.
0:10 of 1st period - Stopped by Connor Ingram with a rebound.
0:12 of 1st period - Wrist shot by Seth Jarvis.
0:12 of 1st period - Shot Blocked by Trevor van Riemsdyk.
0:35 of 1st period - Snap shot by Juuso Parssinen.
0:35 of 1st period - Shot Hit the Post.
0:37 of 1st period - Wrist shot by Vladislav Gavrikov.
0:37 of 1st period - Deflect By Marcus Johansson.
0:37 of 1st period - Stopped by Andrei Vasilevskiy without a rebound.
0:38 of 1st period - Radek Faksa wins face-off versus Michael Eyssimont in Los Angeles Kings zone.
1:07 of 1st period - Snap shot by Blake Wheeler.
1:07 of 1st period - Shot Misses the Net.
1:59 of 1st period - Wrist shot by Brett Murray.
1:59 of 1st period - Shot Misses the Net.
2:01 of 1st period - Backhand shot by Jack McBain.
2:01 of 1st period - Shot Blocked by K'Andre Miller.
2:42 of 1st period - K'Andre Miller is hit by Jack McBain and loses puck.
2:47 of 1st period - Slapshot by Jack McBain.
2:47 of 1st period - Stopped by Andrei Vasilevskiy without a rebound.
2:48 of 1st period - Adam Fantilli wins face-off versus Sean Kuraly in Los Angeles Kings zone.
2:59 of 1st period - Snap shot by Andrei Svechnikov.
2:59 of 1st period - Goal by Andrei Svechnikov - Los Angeles Kings : 1 - Philadelphia Flyers : 0.
3:00 of 1st period - Radek Faksa wins face-off versus Logan Cooley in neutral zone.
3:11 of 1st period - Alexander Romanov is hit by Luke Glendening and loses puck.
3:20 of 1st period - Zac Jones is hit by Matthew Boldy and loses puck.
3:35 of 1st period - Slapshot by Noah Dobson.
3:35 of 1st period - Stopped by Connor Ingram with a rebound.
3:41 of 1st period - Noah Dobson is hit by Joshua Brown and loses puck.
4:25 of 1st period - Slapshot by Adam Fantilli.
4:25 of 1st period - Stopped by Connor Ingram without a rebound.
4:26 of 1st period - Matthew Boldy wins face-off versus Casey Cizikas in Philadelphia Flyers zone.
4:33 of 1st period - Alexander Romanov is hit by Joshua Brown and loses puck.
4:45 of 1st period - Icing by Alexander Romanov.
4:46 of 1st period - Sean Kuraly wins face-off versus Michael Eyssimont in Los Angeles Kings zone.
5:00 of 1st period - Slapshot by Marcus Johansson.
5:00 of 1st period - Stopped by Andrei Vasilevskiy with a rebound.
5:31 of 1st period - Icing by Alexander Romanov.
5:32 of 1st period - Casey Cizikas wins face-off versus Logan Cooley in Los Angeles Kings zone.
5:41 of 1st period - Trevor van Riemsdyk is hit by Alexander Romanov and loses puck.
5:48 of 1st period - Snap shot by Seth Jarvis.
5:48 of 1st period - Shot Blocked by Trevor van Riemsdyk.
5:50 of 1st period - Slapshot by Alexander Romanov.
5:50 of 1st period - Stopped by Connor Ingram without a rebound.
5:51 of 1st period - Adam Fantilli wins face-off versus Casey Cizikas in Philadelphia Flyers zone.
6:07 of 1st period - Slapshot by Jeff Skinner.
6:07 of 1st period - Stopped by Andrei Vasilevskiy with a rebound.
6:38 of 1st period - Wrist shot by Sean Kuraly.
6:38 of 1st period - Stopped by Andrei Vasilevskiy without a rebound.
6:39 of 1st period - Juuso Parssinen wins face-off versus Logan Cooley in Los Angeles Kings zone.
6:52 of 1st period - Snap shot by Matthew Boldy.
6:52 of 1st period - Deflect By Seth Jarvis.
6:52 of 1st period - Stopped by Connor Ingram without a rebound.
6:53 of 1st period - Adam Fantilli wins face-off versus Casey Cizikas in Philadelphia Flyers zone.
7:01 of 1st period - Off-side.
7:02 of 1st period - Adam Fantilli wins face-off versus Casey Cizikas in neutral zone.
7:11 of 1st period - Wrist shot by Casey Cizikas.
7:11 of 1st period - Shot Blocked by Owen Power.
7:13 of 1st period - Wrist shot by Casey Cizikas.
7:13 of 1st period - Stopped by Andrei Vasilevskiy with a rebound.
7:15 of 1st period - Slapshot by Vladislav Gavrikov.
7:15 of 1st period - Stopped by Andrei Vasilevskiy without a rebound.
7:16 of 1st period - Michael Eyssimont wins face-off versus Radek Faksa in Los Angeles Kings zone.
7:16 of 1st period - Michael Eyssimont is hit by Brandon Duhaime.
7:26 of 1st period - Wrist shot by Andrei Kuzmenko.
7:26 of 1st period - Stopped by Connor Ingram without a rebound.
7:27 of 1st period - Radek Faksa wins face-off versus Adam Fantilli in Philadelphia Flyers zone.
7:42 of 1st period - Wrist shot by Adam Fantilli.
7:42 of 1st period - Shot Misses the Net.
8:18 of 1st period - Off-side.
8:19 of 1st period - Sean Kuraly wins face-off versus Blake Wheeler in neutral zone.
8:38 of 1st period - Sean Kuraly is hit by Blake Wheeler and loses puck.
8:45 of 1st period - Trevor van Riemsdyk is hit by Trent Frederic and loses puck.
9:11 of 1st period - Snap shot by MacKenzie Weegar.
9:11 of 1st period - Shot Misses the Net.
9:19 of 1st period - Slapshot by Juuso Parssinen.
9:19 of 1st period - Stopped by Andrei Vasilevskiy with a rebound.
9:23 of 1st period - Snap shot by Marcus Johansson.
9:23 of 1st period - Stopped by Andrei Vasilevskiy with a rebound.
9:27 of 1st period - Wrist shot by Marcus Johansson.
9:27 of 1st period - Shot Misses the Net.
9:29 of 1st period - Snap shot by Sean Kuraly.
9:29 of 1st period - Shot Misses the Net.
9:31 of 1st period - Slapshot by Joel Edmundson.
9:31 of 1st period - Shot Blocked by Noah Dobson.
9:33 of 1st period - Slapshot by William Borgen.
9:33 of 1st period - Stopped by Andrei Vasilevskiy with a rebound.
9:35 of 1st period - Slapshot by Joel Edmundson.
9:35 of 1st period - Deflect By Juuso Parssinen.
9:35 of 1st period - Shot Blocked by Blake Wheeler.
9:35 of 1st period - Puck is out of play.
9:36 of 1st period - Logan Cooley wins face-off versus Casey Cizikas in Los Angeles Kings zone.
9:46 of 1st period - Off-side.
9:47 of 1st period - Casey Cizikas wins face-off versus Michael Milne in neutral zone.
10:06 of 1st period - Icing by K'Andre Miller.
10:07 of 1st period - Jack McBain wins face-off versus Adam Fantilli in Los Angeles Kings zone.
10:10 of 1st period - Slapshot by Jack McBain.
10:10 of 1st period - Shot Misses the Net.
10:12 of 1st period - Slapshot by Trevor van Riemsdyk.
10:12 of 1st period - Stopped by Andrei Vasilevskiy without a rebound.
10:13 of 1st period - Jack McBain wins face-off versus Michael Eyssimont in Los Angeles Kings zone.
10:20 of 1st period - Slapshot by Brett Murray.
10:20 of 1st period - Deflect By Jack McBain.
10:20 of 1st period - Stopped by Andrei Vasilevskiy with a rebound.
10:38 of 1st period - Vladislav Gavrikov is hit by Seth Jarvis and loses puck.
10:49 of 1st period - Snap shot by Matthew Boldy.
10:49 of 1st period - Shot Misses the Net.
11:25 of 1st period - Snap shot by Blake Wheeler.
11:25 of 1st period - Shot Misses the Net.
13:33 of 1st period - Snap shot by Andrei Kuzmenko.
13:33 of 1st period - Shot Blocked by Luke Glendening.
13:35 of 1st period - Wrist shot by Noah Dobson.
13:35 of 1st period - Stopped by Connor Ingram with a rebound.
13:50 of 1st period - Icing by Michael Milne.
13:51 of 1st period - Casey Cizikas wins face-off versus Adam Fantilli in Los Angeles Kings zone.
14:04 of 1st period - Snap shot by Jeff Skinner.
14:04 of 1st period - Shot Blocked by Alexander Alexeyev.
14:22 of 1st period - Snap shot by Adam Fantilli.
14:22 of 1st period - Stopped by Connor Ingram without a rebound.
14:23 of 1st period - Logan Cooley wins face-off versus Jack McBain in Philadelphia Flyers zone.
15:15 of 1st period - Minor Penalty to Sampo Ranta for Delaying the game.
15:16 of 1st period - Jack McBain wins face-off versus Seth Jarvis in Los Angeles Kings zone.
15:24 of 1st period - MacKenzie Weegar is hit by Jack McBain and loses puck.
15:29 of 1st period - Wrist shot by Jeff Skinner.
15:29 of 1st period - Stopped by Andrei Vasilevskiy without a rebound.
15:30 of 1st period - Seth Jarvis wins face-off versus Casey Cizikas in Los Angeles Kings zone.
15:38 of 1st period - Off-side.
15:39 of 1st period - Andrei Svechnikov wins face-off versus Cody Glass in neutral zone.
15:50 of 1st period - Backhand shot by Cody Glass.
15:50 of 1st period - Stopped by Andrei Vasilevskiy with a rebound.
15:52 of 1st period - Slapshot by Sean Kuraly.
15:52 of 1st period - Stopped by Andrei Vasilevskiy with a rebound.
15:54 of 1st period - Snap shot by Sean Kuraly.
15:54 of 1st period - Stopped by Andrei Vasilevskiy without a rebound.
15:55 of 1st period - Seth Jarvis wins face-off versus Jack McBain in Los Angeles Kings zone.
17:15 of 1st period - Penalty to Sampo Ranta is over, Sampo Ranta is back on ice.
18:43 of 1st period - Blake Wheeler is hit by Cody Glass.
18:44 of 1st period - Icing by Blake Wheeler.
18:45 of 1st period - Blake Wheeler wins face-off versus Sean Kuraly in Los Angeles Kings zone.
18:50 of 1st period - Slapshot by Marcus Johansson.
18:50 of 1st period - Shot Misses the Net.
18:52 of 1st period - Wrist shot by Joshua Brown.
18:52 of 1st period - Stopped by Andrei Vasilevskiy with a rebound.
18:54 of 1st period - Slapshot by Zac Jones.
18:54 of 1st period - Shot Misses the Net.
18:56 of 1st period - Slapshot by Juuso Parssinen.
18:56 of 1st period - Stopped by Andrei Vasilevskiy with a rebound.
19:00 of 1st period - Snap shot by Juuso Parssinen.
19:00 of 1st period - Goal by Juuso Parssinen - Los Angeles Kings : 1 - Philadelphia Flyers : 1.
19:01 of 1st period - Jack McBain wins face-off versus Logan Cooley in neutral zone.
19:06 of 1st period - Snap shot by Seth Jarvis.
19:06 of 1st period - Stopped by Connor Ingram without a rebound.
19:07 of 1st period - Brett Murray wins face-off versus Logan Cooley in Philadelphia Flyers zone.
19:16 of 1st period - Snap shot by Jack McBain.
19:16 of 1st period - Shot Blocked by Owen Power.
19:18 of 1st period - Minor Penalty to Owen Power for High sticking.
19:19 of 1st period - Jack McBain wins face-off versus Seth Jarvis in Los Angeles Kings zone.
Goals for this period are 1 for Los Angeles Kings vs 1 for Philadelphia Flyers.
Shots for this period are 10 for Los Angeles Kings vs 19 for Philadelphia Flyers.
2nd period
0:01 of 2nd period - Jack McBain wins face-off versus Seth Jarvis in neutral zone.
1:03 of 2nd period - Noah Dobson is hit by Vladislav Gavrikov and loses puck.
1:18 of 2nd period - Penalty to Owen Power is over, Owen Power is back on ice.
1:30 of 2nd period - Icing by Alexander Romanov.
1:31 of 2nd period - Brandon Duhaime wins face-off versus Logan Cooley in Los Angeles Kings zone.
1:32 of 2nd period - Wrist shot by Radek Faksa.
1:32 of 2nd period - Shot Blocked by Alexander Romanov.
1:34 of 2nd period - Slapshot by Brandon Duhaime.
1:34 of 2nd period - Stopped by Andrei Vasilevskiy without a rebound.
1:35 of 2nd period - Radek Faksa wins face-off versus Adam Fantilli in Los Angeles Kings zone.
1:42 of 2nd period - Slapshot by Brandon Duhaime.
1:42 of 2nd period - Stopped by Andrei Vasilevskiy with a rebound.
1:48 of 2nd period - Wrist shot by Brandon Duhaime.
1:48 of 2nd period - Stopped by Andrei Vasilevskiy with a rebound.
1:50 of 2nd period - Wrist shot by Luke Glendening.
1:50 of 2nd period - Stopped by Andrei Vasilevskiy without a rebound.
1:51 of 2nd period - Casey Cizikas wins face-off versus Michael Eyssimont in Los Angeles Kings zone.
2:04 of 2nd period - Slapshot by Jeff Skinner.
2:04 of 2nd period - Stopped by Andrei Vasilevskiy with a rebound.
2:06 of 2nd period - Slapshot by Cody Glass.
2:06 of 2nd period - Goal by Cody Glass - Los Angeles Kings : 1 - Philadelphia Flyers : 2.
2:07 of 2nd period - Adam Fantilli wins face-off versus Jack McBain in neutral zone.
2:14 of 2nd period - Snap shot by Adam Fantilli.
2:14 of 2nd period - Stopped by Connor Ingram without a rebound.
2:15 of 2nd period - Adam Fantilli wins face-off versus Jack McBain in Philadelphia Flyers zone.
2:46 of 2nd period - Backhand shot by Radek Faksa.
2:46 of 2nd period - Shot Misses the Net.
2:48 of 2nd period - Snap shot by Radek Faksa.
2:48 of 2nd period - Stopped by Andrei Vasilevskiy with a rebound.
2:50 of 2nd period - Snap shot by Joel Edmundson.
2:50 of 2nd period - Shot Blocked by Noah Dobson.
4:23 of 2nd period - Slapshot by Cody Glass.
4:23 of 2nd period - Stopped by Andrei Vasilevskiy with a rebound.
4:43 of 2nd period - Minor Penalty to Sean Kuraly for Slashing.
4:44 of 2nd period - Logan Cooley wins face-off versus Casey Cizikas in Philadelphia Flyers zone.
4:51 of 2nd period - Slapshot by Andrei Kuzmenko.
4:51 of 2nd period - Stopped by Connor Ingram without a rebound.
4:52 of 2nd period - Logan Cooley wins face-off versus Casey Cizikas in Philadelphia Flyers zone.
5:07 of 2nd period - Slapshot by Logan Cooley.
5:07 of 2nd period - Deflect By Andrei Kuzmenko.
5:07 of 2nd period - Shot Misses the Net.
5:07 of 2nd period - Puck is out of play.
5:08 of 2nd period - Jack McBain wins face-off versus Adam Fantilli in Philadelphia Flyers zone.
5:10 of 2nd period - Minor Penalty to William Borgen for Hooking.
5:11 of 2nd period - Adam Fantilli wins face-off versus Casey Cizikas in Philadelphia Flyers zone.
6:43 of 2nd period - Penalty to Sean Kuraly is over, Sean Kuraly is back on ice.
7:10 of 2nd period - Penalty to William Borgen is over, William Borgen is back on ice.
7:15 of 2nd period - Wrist shot by Blake Wheeler.
7:15 of 2nd period - Shot Blocked by Zac Jones.
7:21 of 2nd period - Alexander Romanov is hit by Luke Glendening and loses puck.
7:43 of 2nd period - Snap shot by Sean Kuraly.
7:43 of 2nd period - Shot Blocked by Alexander Alexeyev.
7:49 of 2nd period - Snap shot by Sean Kuraly.
7:49 of 2nd period - Deflect By William Borgen.
7:49 of 2nd period - Shot Misses the Net.
7:49 of 2nd period - Puck is out of play.
7:50 of 2nd period - Fredrik Olofsson wins face-off versus Michael Eyssimont in Los Angeles Kings zone.
8:30 of 2nd period - Snap shot by Jack McBain.
8:30 of 2nd period - Shot Misses the Net.
8:58 of 2nd period - Icing by Joel Edmundson.
8:59 of 2nd period - Sean Kuraly wins face-off versus Logan Cooley in Philadelphia Flyers zone.
9:08 of 2nd period - Wrist shot by Sean Kuraly.
9:08 of 2nd period - Stopped by Andrei Vasilevskiy without a rebound.
9:09 of 2nd period - Jack McBain wins face-off versus Logan Cooley in Los Angeles Kings zone.
9:24 of 2nd period - Backhand shot by Matthew Boldy.
9:24 of 2nd period - Stopped by Connor Ingram without a rebound.
9:25 of 2nd period - Radek Faksa wins face-off versus Adam Fantilli in Philadelphia Flyers zone.
9:32 of 2nd period - Snap shot by Brandon Duhaime.
9:32 of 2nd period - Shot Misses the Net.
9:50 of 2nd period - Zac Jones is hit by Owen Power and loses puck.
10:41 of 2nd period - Slapshot by Owen Power.
10:41 of 2nd period - Shot Blocked by Joel Edmundson.
10:50 of 2nd period - Off-side.
10:51 of 2nd period - Radek Faksa wins face-off versus Adam Fantilli in neutral zone.
12:00 of 2nd period - Icing by Juuso Parssinen.
12:01 of 2nd period - Blake Wheeler wins face-off versus Jack McBain in Philadelphia Flyers zone.
12:02 of 2nd period - Slapshot by Trent Frederic.
12:02 of 2nd period - Deflect By Blake Wheeler.
12:02 of 2nd period - Shot Misses the Net.
12:02 of 2nd period - Puck is out of play.
12:03 of 2nd period - Jack McBain wins face-off versus Blake Wheeler in Philadelphia Flyers zone.
12:14 of 2nd period - Backhand shot by Brett Murray.
12:14 of 2nd period - Stopped by Andrei Vasilevskiy with a rebound.
12:32 of 2nd period - Wrist shot by Andrei Svechnikov.
12:32 of 2nd period - Shot Blocked by William Borgen.
12:53 of 2nd period - Icing by Seth Jarvis.
12:54 of 2nd period - Jeff Skinner wins face-off versus Logan Cooley in Los Angeles Kings zone.
13:03 of 2nd period - Snap shot by Casey Cizikas.
13:03 of 2nd period - Shot Misses the Net.
13:05 of 2nd period - Slapshot by Trevor van Riemsdyk.
13:05 of 2nd period - Deflect By Cody Glass.
13:05 of 2nd period - Stopped by Andrei Vasilevskiy with a rebound.
13:21 of 2nd period - Wrist shot by Seth Jarvis.
13:21 of 2nd period - Deflect By Trevor van Riemsdyk.
13:21 of 2nd period - Shot Misses the Net.
13:21 of 2nd period - Puck is out of play.
13:22 of 2nd period - Michael Eyssimont wins face-off versus Jack McBain in Philadelphia Flyers zone.
13:33 of 2nd period - Snap shot by Andrei Kuzmenko.
13:33 of 2nd period - Stopped by Connor Ingram without a rebound.
13:34 of 2nd period - Adam Fantilli wins face-off versus Radek Faksa in Philadelphia Flyers zone.
13:34 of 2nd period - Brandon Duhaime and Michael Milne fight to a draw.
13:34 of 2nd period - Penalty to Brandon Duhaime for Fighting.
13:34 of 2nd period - Penalty to Michael Milne for Fighting.
13:34 of 2nd period - Penalty to Michael Milne for instigated a fight.
13:34 of 2nd period - Penalty to Michael Milne for instigated a fight.
13:35 of 2nd period - Seth Jarvis wins face-off versus Casey Cizikas in Philadelphia Flyers zone.
15:16 of 2nd period - Casey Cizikas is hit by Seth Jarvis and loses puck.
15:34 of 2nd period - Penalty to Michael Milne is over, Andrei Svechnikov is send on ice.
15:44 of 2nd period - Slapshot by Seth Jarvis.
15:44 of 2nd period - Shot Misses the Net.
15:58 of 2nd period - Icing by Jeff Skinner.
15:59 of 2nd period - Radek Faksa wins face-off versus Vitali Kravtsov in Philadelphia Flyers zone.
16:43 of 2nd period - Slapshot by Seth Jarvis.
16:43 of 2nd period - Stopped by Connor Ingram without a rebound.
16:44 of 2nd period - Radek Faksa wins face-off versus Logan Cooley in Philadelphia Flyers zone.
16:44 of 2nd period - Radek Faksa is hit by MacKenzie Weegar.
16:54 of 2nd period - Slapshot by Trevor van Riemsdyk.
16:54 of 2nd period - Stopped by Andrei Vasilevskiy with a rebound.
17:15 of 2nd period - Slapshot by Owen Power.
17:15 of 2nd period - Shot Misses the Net.
17:33 of 2nd period - Zac Jones is hit by K'Andre Miller and loses puck.
17:53 of 2nd period - Snap shot by Jeff Skinner.
17:53 of 2nd period - Stopped by Andrei Vasilevskiy with a rebound.
18:05 of 2nd period - Slapshot by Noah Dobson.
18:05 of 2nd period - Shot Misses the Net.
18:07 of 2nd period - Wrist shot by MacKenzie Weegar.
18:07 of 2nd period - Shot Blocked by Joel Edmundson.
18:09 of 2nd period - Wrist shot by Trent Frederic.
18:09 of 2nd period - Stopped by Connor Ingram without a rebound.
18:10 of 2nd period - Blake Wheeler wins face-off versus Radek Faksa in Philadelphia Flyers zone.
18:11 of 2nd period - Snap shot by Trent Frederic.
18:11 of 2nd period - Shot Misses the Net.
18:39 of 2nd period - Wrist shot by Blake Wheeler.
18:39 of 2nd period - Stopped by Connor Ingram with a rebound.
18:41 of 2nd period - Snap shot by Blake Wheeler.
18:41 of 2nd period - Stopped by Connor Ingram with a rebound.
18:43 of 2nd period - Slapshot by Alexander Alexeyev.
18:43 of 2nd period - Stopped by Connor Ingram without a rebound.
18:44 of 2nd period - Adam Fantilli wins face-off versus Sean Kuraly in Philadelphia Flyers zone.
18:45 of 2nd period - Slapshot by Andrei Svechnikov.
18:45 of 2nd period - Stopped by Connor Ingram without a rebound.
18:46 of 2nd period - Sean Kuraly wins face-off versus Adam Fantilli in Philadelphia Flyers zone.
18:53 of 2nd period - Wrist shot by Seth Jarvis.
18:53 of 2nd period - Stopped by Connor Ingram without a rebound.
18:54 of 2nd period - Sean Kuraly wins face-off versus Adam Fantilli in Philadelphia Flyers zone.
19:05 of 2nd period - Backhand shot by Sean Kuraly.
19:05 of 2nd period - Shot Blocked by Owen Power.
19:07 of 2nd period - Snap shot by Sean Kuraly.
19:07 of 2nd period - Stopped by Andrei Vasilevskiy without a rebound.
19:08 of 2nd period - Casey Cizikas wins face-off versus Andrei Kuzmenko in Los Angeles Kings zone.
Goals for this period are 0 for Los Angeles Kings vs 1 for Philadelphia Flyers.
Shots for this period are 11 for Los Angeles Kings vs 14 for Philadelphia Flyers.
3rd period
0:01 of 3rd period - Adam Fantilli wins face-off versus Casey Cizikas in neutral zone.
0:14 of 3rd period - Snap shot by Cody Glass.
0:14 of 3rd period - Stopped by Andrei Vasilevskiy with a rebound.
0:16 of 3rd period - Wrist shot by Casey Cizikas.
0:16 of 3rd period - Stopped by Andrei Vasilevskiy with a rebound.
0:34 of 3rd period - Icing by Brett Murray.
0:35 of 3rd period - Jack McBain wins face-off versus Michael Eyssimont in Philadelphia Flyers zone.
1:00 of 3rd period - Michael Eyssimont is hit by Brett Murray and loses puck.
1:21 of 3rd period - Snap shot by Andrei Kuzmenko.
1:21 of 3rd period - Stopped by Connor Ingram without a rebound.
1:22 of 3rd period - Casey Cizikas wins face-off versus Adam Fantilli in Philadelphia Flyers zone.
1:35 of 3rd period - Slapshot by Jeff Skinner.
1:35 of 3rd period - Shot Misses the Net.
1:55 of 3rd period - Slapshot by Matthew Boldy.
1:55 of 3rd period - Shot Blocked by Brandon Duhaime.
3:01 of 3rd period - Slapshot by Seth Jarvis.
3:01 of 3rd period - Shot Blocked by Jeff Skinner.
3:03 of 3rd period - Slapshot by Alexander Alexeyev.
3:03 of 3rd period - Stopped by Connor Ingram without a rebound.
3:04 of 3rd period - Brandon Duhaime wins face-off versus Matthew Boldy in Philadelphia Flyers zone.
3:11 of 3rd period - Wrist shot by Radek Faksa.
3:11 of 3rd period - Stopped by Andrei Vasilevskiy with a rebound.
3:19 of 3rd period - Slapshot by Logan Cooley.
3:19 of 3rd period - Shot Misses the Net.
3:29 of 3rd period - Adam Fantilli is hit by Joshua Brown and loses puck.
3:45 of 3rd period - Minor Penalty to Cody Glass for Cross-checking.
3:46 of 3rd period - Sean Kuraly wins face-off versus Adam Fantilli in Philadelphia Flyers zone.
4:20 of 3rd period - Snap shot by Seth Jarvis.
4:20 of 3rd period - Shot Blocked by Luke Glendening.
4:22 of 3rd period - Slapshot by Noah Dobson.
4:22 of 3rd period - Stopped by Connor Ingram with a rebound.
4:24 of 3rd period - Wrist shot by Seth Jarvis.
4:24 of 3rd period - Shot Blocked by Joel Edmundson.
5:25 of 3rd period - Icing by MacKenzie Weegar.
5:26 of 3rd period - Casey Cizikas wins face-off versus Adam Fantilli in Los Angeles Kings zone.
5:45 of 3rd period - Penalty to Cody Glass is over, Cody Glass is back on ice.
5:54 of 3rd period - Snap shot by Trent Frederic.
5:54 of 3rd period - Shot Misses the Net.
6:14 of 3rd period - Slapshot by Jeff Skinner.
6:14 of 3rd period - Shot Misses the Net.
6:16 of 3rd period - Slapshot by Zac Jones.
6:16 of 3rd period - Stopped by Andrei Vasilevskiy without a rebound.
6:17 of 3rd period - Logan Cooley wins face-off versus Casey Cizikas in Los Angeles Kings zone.
6:29 of 3rd period - Snap shot by Matthew Boldy.
6:29 of 3rd period - Shot Misses the Net.
6:31 of 3rd period - Slapshot by Alexander Alexeyev.
6:31 of 3rd period - Deflect By Matthew Boldy.
6:31 of 3rd period - Stopped by Connor Ingram without a rebound.
6:32 of 3rd period - Radek Faksa wins face-off versus Adam Fantilli in Philadelphia Flyers zone.
6:45 of 3rd period - Snap shot by Brandon Duhaime.
6:45 of 3rd period - Goal by Brandon Duhaime - Los Angeles Kings : 1 - Philadelphia Flyers : 3.
6:46 of 3rd period - Sean Kuraly wins face-off versus Adam Fantilli in neutral zone.
7:00 of 3rd period - Icing by Noah Dobson.
7:01 of 3rd period - Radek Faksa wins face-off versus Adam Fantilli in Los Angeles Kings zone.
7:17 of 3rd period - Off-side.
7:18 of 3rd period - Logan Cooley wins face-off versus Casey Cizikas in neutral zone.
7:45 of 3rd period - Sean Kuraly is hit by Andrei Svechnikov and loses puck.
7:56 of 3rd period - Snap shot by Andrei Svechnikov.
7:56 of 3rd period - Stopped by Connor Ingram with a rebound.
7:58 of 3rd period - Snap shot by Alexander Alexeyev.
7:58 of 3rd period - Stopped by Connor Ingram with a rebound.
8:34 of 3rd period - 10 Minutes Misconduct Penalty to Michael Milne is over.
8:47 of 3rd period - Off-side.
8:48 of 3rd period - Logan Cooley wins face-off versus Casey Cizikas in neutral zone.
9:19 of 3rd period - Wrist shot by Matthew Boldy.
9:19 of 3rd period - Shot Misses the Net.
9:36 of 3rd period - Off-side.
9:37 of 3rd period - Sean Kuraly wins face-off versus Adam Fantilli in neutral zone.
9:53 of 3rd period - Slapshot by Marcus Johansson.
9:53 of 3rd period - Shot Misses the Net.
11:17 of 3rd period - Slapshot by Joel Edmundson.
11:17 of 3rd period - Stopped by Andrei Vasilevskiy with a rebound.
11:29 of 3rd period - Snap shot by MacKenzie Weegar.
11:29 of 3rd period - Deflect By Blake Wheeler.
11:29 of 3rd period - Stopped by Connor Ingram with a rebound.
11:31 of 3rd period - Wrist shot by Blake Wheeler.
11:31 of 3rd period - Shot Misses the Net.
11:33 of 3rd period - Snap shot by MacKenzie Weegar.
11:33 of 3rd period - Stopped by Connor Ingram with a rebound.
12:33 of 3rd period - Snap shot by Owen Power.
12:33 of 3rd period - Stopped by Connor Ingram without a rebound.
12:34 of 3rd period - Blake Wheeler wins face-off versus Jack McBain in Philadelphia Flyers zone.
12:41 of 3rd period - Wrist shot by Blake Wheeler.
12:41 of 3rd period - Deflect By Trent Frederic.
12:41 of 3rd period - Stopped by Connor Ingram without a rebound.
12:42 of 3rd period - Fredrik Olofsson wins face-off versus Adam Fantilli in Philadelphia Flyers zone.
13:08 of 3rd period - Snap shot by Andrei Kuzmenko.
13:08 of 3rd period - Stopped by Connor Ingram without a rebound.
13:09 of 3rd period - Michael Eyssimont wins face-off versus Radek Faksa in Philadelphia Flyers zone.
13:35 of 3rd period - Zac Jones is hit by Logan Cooley and loses puck.
14:19 of 3rd period - Off-side.
14:20 of 3rd period - Radek Faksa wins face-off versus Blake Wheeler in neutral zone.
14:31 of 3rd period - Wrist shot by Radek Faksa.
14:31 of 3rd period - Shot Blocked by Blake Wheeler.
15:29 of 3rd period - Wrist shot by Alexander Alexeyev.
15:29 of 3rd period - Deflect By Andrei Svechnikov.
15:29 of 3rd period - Stopped by Connor Ingram without a rebound.
15:30 of 3rd period - Adam Fantilli wins face-off versus Casey Cizikas in Philadelphia Flyers zone.
15:35 of 3rd period - Snap shot by Adam Fantilli.
15:35 of 3rd period - Shot Misses the Net.
15:37 of 3rd period - Wrist shot by Michael Milne.
15:37 of 3rd period - Stopped by Connor Ingram without a rebound.
15:38 of 3rd period - Radek Faksa wins face-off versus Michael Eyssimont in Philadelphia Flyers zone.
15:45 of 3rd period - Snap shot by Brandon Duhaime.
15:45 of 3rd period - Shot Misses the Net.
15:47 of 3rd period - Wrist shot by Radek Faksa.
15:47 of 3rd period - Shot Misses the Net.
15:49 of 3rd period - Wrist shot by Radek Faksa.
15:49 of 3rd period - Stopped by Andrei Vasilevskiy without a rebound.
15:50 of 3rd period - Michael Eyssimont wins face-off versus Jack McBain in Los Angeles Kings zone.
15:55 of 3rd period - Snap shot by Noah Dobson.
15:55 of 3rd period - Shot Misses the Net.
16:36 of 3rd period - Snap shot by Adam Fantilli.
16:36 of 3rd period - Stopped by Connor Ingram with a rebound.
16:38 of 3rd period - Snap shot by Michael Milne.
16:38 of 3rd period - Stopped by Connor Ingram with a rebound.
16:40 of 3rd period - Snap shot by Adam Fantilli.
16:40 of 3rd period - Shot Blocked by Zac Jones.
16:42 of 3rd period - Slapshot by Michael Milne.
16:42 of 3rd period - Deflect By Andrei Svechnikov.
16:42 of 3rd period - Shot Blocked by Casey Cizikas.
16:42 of 3rd period - Puck is out of play.
16:43 of 3rd period - Michael Eyssimont wins face-off versus Jack McBain in Philadelphia Flyers zone.
16:53 of 3rd period - Brett Murray and Michael Eyssimont fight to a draw.
16:53 of 3rd period - Penalty to Brett Murray for Fighting.
16:53 of 3rd period - Penalty to Michael Eyssimont for Fighting.
16:54 of 3rd period - Radek Faksa wins face-off versus Trent Frederic in neutral zone.
16:54 of 3rd period - Vladislav Gavrikov is hit by Trent Frederic and loses puck.
17:23 of 3rd period - Snap shot by Andrei Svechnikov.
17:23 of 3rd period - Stopped by Connor Ingram with a rebound.
17:52 of 3rd period - Snap shot by Brandon Duhaime.
17:52 of 3rd period - Stopped by Andrei Vasilevskiy without a rebound.
17:53 of 3rd period - Jack McBain wins face-off versus Andrei Kuzmenko in Los Angeles Kings zone.
18:18 of 3rd period - William Borgen is hit by Logan Cooley and loses puck.
18:25 of 3rd period - Snap shot by Seth Jarvis.
18:25 of 3rd period - Goal by Seth Jarvis - Los Angeles Kings : 2 - Philadelphia Flyers : 3.
18:26 of 3rd period - Jack McBain wins face-off versus Trent Frederic in neutral zone.
18:33 of 3rd period - Joshua Brown is hit by Vitali Kravtsov and loses puck.
18:48 of 3rd period - Minor Penalty to Vitali Kravtsov for Holding.
18:49 of 3rd period - Seth Jarvis wins face-off versus Casey Cizikas in Los Angeles Kings zone.
19:12 of 3rd period - K'Andre Miller is hit by Zac Jones and loses puck.
Goals for this period are 1 for Los Angeles Kings vs 1 for Philadelphia Flyers.
Shots for this period are 17 for Los Angeles Kings vs 8 for Philadelphia Flyers.
Back to the Top